 Dungeon Crawl Stone Soup version 0.31.0-12-g77e489cdc1 (webtiles) character file.

Game seed: 11485098941994157474

3 ChrisAssaf the Gusty (level 1, -3/13 HPs)
             Began as a Human Air Elementalist on Feb 29, 2024.
             Slain by a hobgoblin (4 damage)
             ... on level 1 of the Dungeon.
             The game lasted 00:00:33 (175 turns).

ChrisAssaf the Gusty (Human Air Elementalist)        Turns: 175, Time: 00:00:34

Health: -3/13      AC:  2    Str:  8    XL:     1   Next: 50%
Magic:  1/3        EV: 12    Int: 15    God:
Gold:   0          SH:  0    Dex: 13    Spells: 3/4 levels left

rFire   . . .        (no weapon)
rCold   . . .        (no shield)
rNeg    . . .        a - +0 robe
rPois   .            (no helmet)
rElec   .            (no cloak)
rCorr   .            (no gloves)
SInv    .            (no boots)
Will    .....        (no amulet)
Stlth   ++           (no ring)
HPRegen 0.22/turn    (no ring)
MPRegen 0.08/turn

%: no passive effects
@: no status effects
A: explore regen
a: no special abilities


You were on level 1 of the Dungeon.
You visited 1 branch of the dungeon, and saw 1 of its levels.

Inventory:

Armour
 a - a +0 robe (worn)
Scrolls
 c - a scroll of revelation {unknown}
Potions
 b - a potion of magic


   Skills:
 * Level 0.2 Fighting
 * Level 2.0 Dodging
 * Level 2.0 Stealth
 * Level 2.0 Spellcasting
 * Level 1.0 Conjurations
 * Level 3.0 Air Magic


You had 3 spell levels left.
You knew the following spells:

 Your Spells              Type           Power      Damage    Failure   Level
a - Shock                 Conj/Air       28%        1d4       10%         1

Your spell library contained the following spells:

 Spells                   Type           Power      Damage    Failure   Level
 Static Discharge         Conj/Air       14%        3-4/arc   14%         2
 Swiftness                Air            10%        N/A       19%         3
 Airstrike                Air            5%         2d(1-17)  52%         4


Dungeon Overview and Level Annotations

Branches:
Dungeon (1/15)

Altars:


Innate Abilities, Weirdness & Mutations

You regain HP and MP as you explore.


Message History

A quokka and a hobgoblin come into view.
Found 13 gold pieces.
Aiming: Shock (safe; 10% risk of failure)
Press: ? - help, Q - select action Shift-Dir - straight line, f - hobgoblin
Aim: a hobgoblin (asleep, 100% to hit)
The zap hits the hobgoblin but does no damage.
The hobgoblin shouts!
You hear a loud squeak.
Aiming: Shock (safe; 10% risk of failure)
Press: ? - help, Q - select action Shift-Dir - straight line, f/p - hobgoblin
Aim: a hobgoblin (68% to hit)
You miscast Shock.
You are very lightly contaminated with residual magic.
Nothing appears to happen.
A rat comes into view.
Aiming: Shock (safe; 10% risk of failure)
Press: ? - help, Q - select action Shift-Dir - straight line, f/p - hobgoblin
Aim: a hobgoblin (68% to hit)
The zap misses the hobgoblin.
Unknown command.
The hobgoblin hits you but does no damage.
The hobgoblin attacks as it pursues you!
The hobgoblin hits you but does no damage.
The hobgoblin attacks as it pursues you!
The hobgoblin hits you.
Your magical contamination has completely faded away.
The hobgoblin hits you.
The hobgoblin attacks as it pursues you!
The hobgoblin hits you but does no damage.
The quokka barely misses you. The quokka attacks as it pursues you!
The quokka closely misses you.
The hobgoblin attacks as it pursues you!
The hobgoblin barely misses you. The quokka attacks as it pursues you!
The quokka bites you.
The quokka bites you but does no damage.
The quokka attacks as it pursues you! The quokka bites you.
The quokka bites you.
* * * LOW HITPOINT WARNING * * *
The hobgoblin hits you.
You die...

##.......# #...#
....... #.....#.##
##...## .......
#.....#..# #8...⌠#
.......
####..##.####...##
.......
###..##[#.##r..#
.......
#.........##...##
#.##.####.#8...8#
#.##.####.##rg.##
#...........@...#
#....#####..##.####
..#
..###...##....#######
........#####........
.###.#...........)...
...##.#.###########
>.### #.#)# # #.#.#
..#.#


You could see a quokka, a hobgoblin and a rat.

Vanquished Creatures
  A hobgoblin (D:1)
  A kobold (D:1)
  A rat (D:1)
3 creatures vanquished.

Notes
Turn   | Place    | Note
-------+----------+-------------------------------------------
     0 | D:1      | ChrisAssaf the Human Air Elementalist began the quest for
                  | the Orb.
     0 | D:1      | Reached XP level 1. HP: 13/13 MP: 3/3
   175 | D:1      | Slain by a hobgoblin

Illustrated notes

Levels and vault maps discovered:
D:1:      mrwooster_arrival_statue, layout_rooms, serial_corexii_hall,
          corexii_hall_statues_i, chequers_hall_statues_wall_a,
          chequers_hall_statues_wall_a, corexii_hall_statues_l,
          chequers_hall_statues_y, corexii_hall_statues_x,
          grunt_decor_one_mirror

Action                     || total
---------------------------++-------
   Cast: Shock             ||     8
 Armour: Robe              ||    10
  Dodge: Dodged            ||     4
